AoeStats
← Enrique78

Arena

509338624Analyzed
1v1 RM · 6d ago on Sep 26, 2026· 29m 29s· 2 players
Game mode
Random Map
Map size
Tiny (2 player)
Population
200
Speed
Normal
Resources
Standard
Victory
Conquest
Starting age
Dark Age
Ending age
Imperial Age
RankedLock teamsTeams togetherTeam positionsShared explorationLock speedFull tech treeHidden civsTurbo modeCheats
Victory
Defeat
🇩🇪 Turks · Germany
797
+17
🇨🇳 Goths · China
811
-17
Enrique78
12:34 Feudal Age
16:33 Castle Age
16:03 Double-Bit Axe
21:10 Imperial Age
18:34 Horse Collar
20:20 Padded Archer Armor
21:03 Gold Mining
21:59 Leather Archer Armor
zxcvbn
3:11 Loom
10:34 Feudal Age
11:11 Double-Bit Axe
11:07 Horse Collar
12:54 Man-at-Arms
18:35 Castle Age
16:51 Gold Mining
18:06 Scale Mail Armor
18:16 Forging
18:56 Fletching
20:05 Heavy Plow
20:21 Bow Saw
20:06 Stone Mining
20:19 Long Swordsman
21:00 Squires
23:12 Stone Shaft Mining
24:48 Wheelbarrow
24:10 Light Cavalry
26:51 Chain Mail Armor
26:44 Scale Barding Armor
26:57 Bloodlines
27:04 Husbandry
27:41 Light Cavalry
Connection lost

Rejoining the realm…

Still unreachable

The connection could not be restored.

Session expired

The server has moved on; the page needs a fresh start.